General information
- name: BNet
- type: Ladder team game (AT/RT)
- host: Battle.net
- saver: sc2no.wc4yes
map: MarketSquare
- players: 8
- length: 18:53
- speed: Fast
- version: 1.26 W3XP
- replay type: Public
» download(143 KB)
Players
team 1 (winner)

»
sc2no.wc4yes (
blue | 84 APM | 1585 actions | 18:53)
6 Goblin Tinker
3 Pocket Factory
3 Engineering Upgrade
1 Warden
1 Fan of Knives
1 Priestess of the Moon
1 Searing Arrows
» actions
| Assign group hotkey | 95 | |
| Basic commands | 50 | |
| Build / train | 102 | |
| ESC pressed | 4 | |
| Enter build submenu | 45 | |
| Enter hero's abilities submenu | 8 | |
| Give item / drop item | 1 | |
| Right click | 548 | |
| Select / deselect | 240 | |
| Select group hotkey | 401 | |
| Use ability | 91 | |
1585 total
» units
| Peasant | 32 | |
| Dryad | 2 | |
| Druid of the Talon | 2 | |
| Chimaera | 7 | |
| Gryphon Rider | 6 | |
| Hippogryph | 3 | |
52 total
» upgrades
| Masonry | 2 | |
| Armor | 4 | |
| Swords | 3 | |
| Animal War Training | 1 | |
| Well Spring | 1 | |
| Storm Hammers | 1 | |
| Lumber Harvesting | 1 | |
| Gunpowder | 1 | |
| Corrosive Breath | 1 | |
15 total
» buildings
| Altar of Kings | 1 | |
| Farm | 14 | |
| Lumber Mill | 1 | |
| Scout Tower | 13 | |
| Arcane Tower | 2 | |
| Guard Tower | 10 | |
| Town Hall | 1 | |
| Keep | 2 | |
| Blacksmith | 2 | |
| Castle | 1 | |
| Gryphon Aviary | 3 | |
| Barracks | 1 | |
| Chimaera Roost | 2 | |
| Moon Well | 5 | |
| Tree of Life | 1 | |
| Arcane Vault | 1 | |
60 total
» build order
00:09 Altar of Kings
00:13 Farm
00:40 Farm
00:46 Lumber Mill
01:25 Scout Tower
01:51 Scout Tower
01:54 Arcane Tower
02:11 Farm
02:16 Scout Tower
02:22 Guard Tower
02:22 Guard Tower
03:15 Guard Tower
04:16 Scout Tower
04:17 Scout Tower
04:17 Scout Tower
04:19 Scout Tower
04:20 Scout Tower
04:23 Scout Tower
04:37 Town Hall
04:46 Guard Tower
04:49 Arcane Tower
05:10 Guard Tower
05:24 Guard Tower
05:46 Guard Tower
06:16 Farm
06:17 Farm
06:21 Farm
06:28 Keep
06:28 Keep
06:49 Scout Tower
06:52 Scout Tower
08:07 Guard Tower
08:11 Blacksmith
08:13 Farm
08:15 Blacksmith
08:54 Castle
09:02 Scout Tower
09:03 Scout Tower
09:19 Gryphon Aviary
09:20 Gryphon Aviary
09:22 Gryphon Aviary
09:26 Barracks
10:01 Guard Tower
11:08 Chimaera Roost
11:09 Chimaera Roost
11:11 Moon Well
11:13 Moon Well
11:46 Farm
11:47 Farm
11:47 Farm
11:47 Farm
11:48 Farm
11:56 Moon Well
11:57 Moon Well
15:19 Farm
15:19 Farm
15:27 Tree of Life
16:59 Arcane Vault
» items
| Staff of Teleportation | 1 | |
| Boots of Speed | 1 | |
2 total
mrxny (
green | 47 APM | 878 actions | 18:52)
2 Archmage
1 Blizzard
1 Summon Water Elemental
2 Blood Mage
1 Flame Strike
1 Siphon Mana
1 Warden
1 Blink
» actions
| Build / train | 69 | |
| Enter build submenu | 23 | |
| Enter hero's abilities submenu | 5 | |
| Remove unit from queue | 2 | |
| Right click | 360 | |
| Select / deselect | 373 | |
| Use ability | 45 | |
878 total
» units
| Peasant | 23 | |
| Footman | 11 | |
| Knight | 7 | |
41 total
» upgrades
| Lumber Harvesting | 1 | |
| Masonry | 2 | |
| Swords | 2 | |
| Strength of the Wild | 1 | |
6 total
» buildings
| Altar of Kings | 1 | |
| Farm | 11 | |
| Barracks | 2 | |
| Lumber Mill | 1 | |
| Scout Tower | 5 | |
| Keep | 1 | |
| Guard Tower | 4 | |
| Arcane Tower | 3 | |
| Blacksmith | 1 | |
| Arcane Vault | 1 | |
| Castle | 1 | |
| Town Hall | 1 | |
32 total
» build order
00:12 Altar of Kings
00:20 Farm
01:01 Farm
01:20 Barracks
01:27 Lumber Mill
01:39 Farm
02:24 Farm
03:06 Farm
04:00 Scout Tower
04:49 Keep
04:51 Guard Tower
04:53 Scout Tower
05:36 Arcane Tower
05:40 Farm
06:25 Scout Tower
06:54 Guard Tower
06:58 Farm
07:11 Blacksmith
07:21 Arcane Vault
07:51 Farm
08:24 Farm
08:40 Scout Tower
09:18 Arcane Tower
09:23 Farm
09:26 Castle
10:04 Farm
11:38 Barracks
13:44 Scout Tower
15:22 Town Hall
16:23 Guard Tower
17:53 Guard Tower
18:14 Arcane Tower
18:32 Guard Tower
» items
Hebrew_Jones (
red | 42 APM | 787 actions | 18:52)
4 Death Knight
2 Death Coil
2 Unholy Aura
2 Lich
1 Frost Nova
1 Frost Armor
» actions
| Assign group hotkey | 29 | |
| Basic commands | 122 | |
| Build / train | 39 | |
| Enter build submenu | 16 | |
| Enter hero's abilities submenu | 6 | |
| Remove unit from queue | 1 | |
| Right click | 153 | |
| Select / deselect | 154 | |
| Select group hotkey | 243 | |
| Use ability | 24 | |
787 total
» units
| Acolyte | 2 | |
| Ghoul | 2 | |
| Crypt Fiend | 11 | |
| Frost Wyrm | 2 | |
17 total
» upgrades
| Creature Attack | 3 | |
| Creature Carapace | 2 | |
| Ghoul Frenzy | 1 | |
| Web | 1 | |
| Freezing Breath | 1 | |
8 total
» buildings
| Crypt | 1 | |
| Altar of Darkness | 1 | |
| Ziggurat | 7 | |
| Graveyard | 1 | |
| Tomb of Relics | 1 | |
| Halls of the Dead | 1 | |
| Black Citadel | 1 | |
| Sacrificial Pit | 1 | |
| Boneyard | 1 | |
15 total
» build order
00:20 Crypt
00:24 Altar of Darkness
00:36 Ziggurat
01:01 Graveyard
01:43 Ziggurat
02:03 Ziggurat
02:52 Tomb of Relics
04:20 Halls of the Dead
05:45 Ziggurat
09:11 Black Citadel
09:24 Sacrificial Pit
11:20 Ziggurat
11:34 Boneyard
15:12 Ziggurat
16:15 Ziggurat
» items
| Rod of Necromancy | 1 | |
| Scroll of Town Portal | 1 | |
2 total

»
Jeex. (
teal | 27 APM | 282 actions | 10:25)
2 Warden
1 Fan of Knives
1 Blink
1 Priestess of the Moon
1 Trueshot Aura
» actions
| Basic commands | 5 | |
| Build / train | 28 | |
| Enter build submenu | 14 | |
| Enter hero's abilities submenu | 3 | |
| Right click | 104 | |
| Select / deselect | 95 | |
| Use ability | 33 | |
282 total
» units
| Wisp | 12 | |
| Druid of the Talon | 3 | |
| Dryad | 3 | |
18 total
» upgrades
| Strength of the Wild | 1 | |
| Reinforced Hides | 1 | |
| Druid of the Talon Training | 1 | |
3 total
» buildings
| Altar of Elders | 1 | |
| Moon Well | 4 | |
| Hunter's Hall | 1 | |
| Tree of Ages | 1 | |
| Ancient Protector | 3 | |
| Tree of Eternity | 1 | |
| Ancient of Wind | 1 | |
| Ancient of Lore | 1 | |
| Chimaera Roost | 1 | |
14 total
» build order
00:28 Altar of Elders
00:43 Moon Well
01:33 Moon Well
01:42 Moon Well
02:17 Hunter's Hall
03:22 Tree of Ages
03:31 Ancient Protector
04:00 Ancient Protector
04:10 Ancient Protector
05:46 Tree of Eternity
06:07 Ancient of Wind
06:31 Ancient of Lore
08:19 Chimaera Roost
08:50 Moon Well
team 2 (loser)
Weas007 (
purple | 52 APM | 969 actions | 18:43)
4 Death Knight
2 Death Coil
1 Unholy Aura
1 Death Pact
2 Lich
1 Frost Nova
1 Frost Armor
2 Dreadlord
1 Sleep
1 Vampiric Aura
» actions
| Assign group hotkey | 34 | |
| Basic commands | 113 | |
| Build / train | 55 | |
| ESC pressed | 7 | |
| Enter build submenu | 21 | |
| Enter hero's abilities submenu | 8 | |
| Right click | 370 | |
| Select / deselect | 175 | |
| Select group hotkey | 127 | |
| Use ability | 59 | |
969 total
» units
| Acolyte | 12 | |
| Ghoul | 6 | |
| Crypt Fiend | 12 | |
| Gargoyle | 2 | |
32 total
» upgrades
| Web | 1 | |
| Ghoul Frenzy | 1 | |
| Creature Attack | 2 | |
| Creature Carapace | 2 | |
6 total
» buildings
| Graveyard | 3 | |
| Crypt | 2 | |
| Ziggurat | 5 | |
| Altar of Darkness | 1 | |
| Halls of the Dead | 1 | |
| Tomb of Relics | 1 | |
| Black Citadel | 1 | |
| Sacrificial Pit | 1 | |
| Boneyard | 1 | |
| Spirit Tower | 1 | |
17 total
» build order
00:52 Graveyard
00:55 Crypt
01:00 Ziggurat
01:08 Altar of Darkness
01:47 Ziggurat
02:25 Ziggurat
03:57 Halls of the Dead
05:44 Tomb of Relics
06:30 Black Citadel
09:40 Ziggurat
14:05 Sacrificial Pit
15:00 Crypt
15:10 Ziggurat
15:23 Graveyard
15:26 Graveyard
17:01 Boneyard
18:14 Spirit Tower
» items
| Scroll of Town Portal | 1 | |
| Scroll of Healing | 1 | |
| Scroll of Protection | 1 | |
3 total
Kaelthas7 (
pink | 49 APM | 916 actions | 18:51)
5 Mountain King
3 Storm Bolt
2 Bash
3 Paladin
2 Holy Light
1 Divine Shield
» actions
| Assign group hotkey | 13 | |
| Build / train | 50 | |
| ESC pressed | 1 | |
| Enter build submenu | 18 | |
| Enter hero's abilities submenu | 8 | |
| Give item / drop item | 1 | |
| Right click | 227 | |
| Select / deselect | 155 | |
| Select group hotkey | 382 | |
| Use ability | 61 | |
916 total
» units
| Peasant | 9 | |
| Footman | 6 | |
| Knight | 5 | |
| Rifleman | 4 | |
24 total
» upgrades
| Defend | 1 | |
| Swords | 3 | |
| Plating | 3 | |
| Lumber Harvesting | 2 | |
| Animal War Training | 1 | |
| Gunpowder | 1 | |
| Armor | 1 | |
12 total
» buildings
| Altar of Kings | 1 | |
| Barracks | 3 | |
| Farm | 11 | |
| Lumber Mill | 1 | |
| Keep | 1 | |
| Blacksmith | 1 | |
| Castle | 1 | |
19 total
» build order
00:14 Altar of Kings
00:19 Barracks
00:28 Farm
01:17 Farm
01:27 Lumber Mill
02:02 Farm
02:18 Barracks
03:32 Farm
04:15 Keep
04:18 Blacksmith
05:43 Farm
06:46 Castle
06:51 Farm
08:28 Farm
09:08 Farm
09:58 Farm
11:55 Farm
13:59 Farm
18:05 Barracks
» items
INFAMOUSwicked1 (
yellow | 43 APM | 734 actions | 17:13)
4 Dark Ranger
1 Life Drain
2 Black Arrow
1 Silence
1 Paladin
1 Holy Light
» actions
| Basic commands | 2 | |
| Build / train | 54 | |
| Enter build submenu | 16 | |
| Enter hero's abilities submenu | 5 | |
| Give item / drop item | 2 | |
| Right click | 443 | |
| Select / deselect | 179 | |
| Use ability | 33 | |
734 total
» units
| Peasant | 8 | |
| Rifleman | 12 | |
| Priest | 5 | |
| Sorceress | 3 | |
| Gryphon Rider | 4 | |
32 total
» upgrades
| Gunpowder | 2 | |
| Masonry | 1 | |
| Lumber Harvesting | 2 | |
| Armor | 1 | |
| Priest Training | 2 | |
| Long Rifles | 1 | |
| Storm Hammers | 1 | |
10 total
» buildings
| Farm | 9 | |
| Blacksmith | 1 | |
| Lumber Mill | 1 | |
| Altar of Kings | 1 | |
| Barracks | 1 | |
| Keep | 1 | |
| Scout Tower | 2 | |
| Guard Tower | 2 | |
| Arcane Sanctum | 1 | |
| Gryphon Aviary | 1 | |
| Castle | 1 | |
| Town Hall | 1 | |
22 total
» build order
00:22 Farm
01:10 Blacksmith
01:25 Lumber Mill
01:38 Altar of Kings
02:28 Barracks
02:51 Farm
03:11 Keep
03:39 Farm
04:30 Scout Tower
04:52 Farm
05:05 Guard Tower
05:45 Arcane Sanctum
06:38 Farm
06:43 Farm
07:15 Gryphon Aviary
09:07 Castle
09:46 Farm
10:39 Town Hall
13:09 Scout Tower
13:51 Guard Tower
14:01 Farm
14:03 Farm
» items
TKI1Il1lI1IllTK (
orange | 200 APM | 3746 actions | 18:44)
6 Archmage
2 Summon Water Elemental
2 Brilliance Aura
2 Blizzard
3 Mountain King
2 Storm Bolt
1 Bash
3 Paladin
2 Holy Light
1 Divine Shield
» actions
| Assign group hotkey | 83 | |
| Basic commands | 2 | |
| Build / train | 120 | |
| Enter build submenu | 29 | |
| Enter hero's abilities submenu | 12 | |
| Give item / drop item | 6 | |
| Right click | 1713 | |
| Select / deselect | 207 | |
| Select group hotkey | 1394 | |
| Use ability | 180 | |
3746 total
» units
| Peasant | 17 | |
| Footman | 6 | |
| Gryphon Rider | 5 | |
28 total
» upgrades
| Defend | 1 | |
| Lumber Harvesting | 3 | |
| Masonry | 3 | |
| Animal War Training | 1 | |
| Storm Hammers | 1 | |
9 total
» buildings
| Altar of Kings | 1 | |
| Barracks | 1 | |
| Farm | 17 | |
| Lumber Mill | 1 | |
| Scout Tower | 13 | |
| Arcane Tower | 4 | |
| Keep | 2 | |
| Town Hall | 1 | |
| Arcane Vault | 3 | |
| Guard Tower | 17 | |
| Blacksmith | 1 | |
| Castle | 3 | |
| Gryphon Aviary | 3 | |
67 total
» build order
00:16 Altar of Kings
00:18 Barracks
00:20 Farm
00:53 Farm
01:19 Lumber Mill
02:03 Scout Tower
02:24 Farm
02:34 Arcane Tower
02:34 Arcane Tower
03:40 Farm
04:26 Farm
05:13 Keep
05:13 Keep
05:31 Scout Tower
05:31 Scout Tower
06:36 Town Hall
06:46 Arcane Vault
06:51 Arcane Vault
07:01 Guard Tower
07:01 Guard Tower
07:02 Blacksmith
07:09 Scout Tower
07:09 Scout Tower
07:10 Scout Tower
07:34 Guard Tower
07:35 Guard Tower
07:35 Guard Tower
07:35 Guard Tower
08:48 Scout Tower
08:56 Guard Tower
08:57 Guard Tower
08:58 Scout Tower
09:08 Arcane Tower
09:09 Arcane Tower
09:10 Scout Tower
09:22 Guard Tower
09:22 Guard Tower
09:23 Farm
09:23 Farm
09:31 Scout Tower
09:31 Scout Tower
09:31 Scout Tower
09:31 Scout Tower
10:07 Castle
10:07 Castle
10:08 Guard Tower
10:08 Guard Tower
11:38 Guard Tower
11:38 Guard Tower
11:40 Gryphon Aviary
11:43 Gryphon Aviary
11:44 Gryphon Aviary
13:11 Arcane Vault
13:13 Farm
14:17 Farm
14:17 Farm
14:18 Farm
14:19 Farm
18:14 Farm
18:14 Farm
18:42 Farm
18:43 Farm
» items
| Scroll of Regeneration | 7 | |
| Lesser Clarity Potion | 7 | |
| Tome of Retraining | 3 | |
| Potion of Invisibility | 2 | |
| Scroll of Town Portal | 3 | |
| Potion of Lesser Invulnerability | 1 | |
| Staff of Teleportation | 2 | |
| Staff of Sanctuary | 1 | |
26 total
Chat log
(00:29 / All) sc2no.wc4yes: youre not supposed to put 1s in a bar code
(00:35 / All) Weas007: its the guys name
(00:41 / All) TKI1Il1lI1IllTK: your not supposed to be a piece of shit maphacker
(00:41 / All) Weas007: that he wants to tk
(01:09 / All) Hebrew_Jones: cant we all just get alone :o
(01:14 / All) Hebrew_Jones: along*
(01:18 / All) Weas007: who here isn't alone?
(01:19 / All) Jeex.: forever alone
(01:20 / All) sc2no.wc4yes: hes 28-44
(01:22 / All) sc2no.wc4yes: i like my odds
(01:26 / All) Hebrew_Jones: BBQ at my base! byob
(01:41 / All) Weas007: blue what race did you get
(01:45 / All) sc2no.wc4yes: orc
(01:48 / All) Weas007: fuck u
(01:51 / All) Weas007: oh well
(02:04 / All) Jeex.: when the fucks diablo 3 come ourt
(02:11 / All) Weas007: next yer
(02:20 / All) Jeex.: closed beta i mean
(03:20 / All) Hebrew_Jones: hes making it rain
(03:45 / All) TKI1Il1lI1IllTK: where you going retard
(04:03 / All) mrxny: gay luck
(04:07 / All) TKI1Il1lI1IllTK: LOL
(04:10 / All) Weas007: zz
(04:54 / All) Weas007: sup fag
(05:05 / Allies) mrxny: im coming to help
(05:19 / All) mrxny: gtfo
(05:51 / All) TKI1Il1lI1IllTK: you fucking retards suck ass
(06:02 / Allies) sc2no.wc4yes: LOL
(06:07 / Allies) sc2no.wc4yes: LOL
(07:04 / Allies) Jeex.: now you owe me godl blue
(08:51 / Allies) mrxny: run to totwers
(08:59 / All) Weas007: too bad mh doesn tmake you a better player
(09:05 / All) sc2no.wc4yes: who hacks?
(09:06 / All) sc2no.wc4yes: you?
(09:07 / All) sc2no.wc4yes: easy report
(09:10 / All) Weas007: reported
(09:15 / All) Weas007: oh shit oyu beat me too it
(09:51 / All) mrxny: i dare u fuckin nubs to attack blues expo
(10:04 / All) Weas007: maybe well attakc his base
(10:06 / Allies) sc2no.wc4yes: i dare you to attack purples
(10:07 / All) Weas007: since he has no tweors
(10:08 / All) Weas007: and no units
(10:28 / All) mrxny: wtf
(10:32 / All) Weas007: damn
(11:02 / All) Weas007: thasnk for the loot asshole
(11:11 / All) Hebrew_Jones: your welcome, enjoy it
(11:29 / All) Hebrew_Jones: least i could do for the handicapped
(11:58 / All) mrxny: oh no, my farms
(13:13 / Allies) sc2no.wc4yes: back
(13:31 / Allies) sc2no.wc4yes: back
(14:03 / Allies) sc2no.wc4yes: go
(15:05 / Allies) sc2no.wc4yes: lmao
(15:06 / Allies) sc2no.wc4yes: are you serious?
(15:15 / Allies) mrxny: was wtaching the main fight
(15:55 / All) mrxny: sup nubs?
(16:49 / Allies) sc2no.wc4yes: lol
(16:52 / Allies) sc2no.wc4yes: yeah send them all right into the blizzard
(17:18 / All) Hebrew_Jones: wow
(17:22 / All) Hebrew_Jones: you guys r bad
(17:34 / All) sc2no.wc4yes: despite all my rage i am still jsut a rat in a cage
(18:48 / All) Kaelthas7: gg